 Dungeon Crawl Stone Soup version 0.32-a0-913-g739538afd8 (webtiles) character file.

Game seed: 10435104478856511447

1233 Fractals the Mimic (level 8, -8/97 HPs)
             Began as a Merfolk Shapeshifter on Apr 8, 2024.
             Mangled by a troll (10 damage)
             ... on level 6 of the Dungeon.
             The game lasted 00:14:56 (5344 turns).

Fractals the Mimic (Merfolk Shapeshifter)           Turns: 5344, Time: 00:14:57

Health: -8/97      AC: 24    Str: 17    XL:     8   Next: 48%
Magic:  8/8        EV:  2    Int:  9    God:
Gold:   279        SH:  0    Dex: 13    Spells: 7/7 levels left

rFire   . .          .
                       - Unarmed
rCold   . . .        (no shield)
rNeg    . . .        v - melded +0 chain mail
rPois   +            w - melded +0 helmet
rElec   .            (cloak currently unavailable)
rCorr   .            (gloves currently unavailable)
SInv    .            (boots currently unavailable)
Will    .....        l - amulet of the acrobat
Stlth   +            (no ring)
HPRegen 0.36/turn    (no ring)
MPRegen 0.11/turn

%: acrobat
@: tree-form
A: stationary, stasis, torment immunity, boosted hp, (nimble swimmer 2),
(mertail)
a: no special abilities


You were on level 6 of the Dungeon.
You were a tree.
You visited 1 branch of the dungeon, and saw 7 of its levels.

You collected 279 gold pieces.

Inventory:

Armour
 v - a +0 chain mail (melded)
 w - a +0 helmet (melded)
Jewellery
 l - an amulet of the acrobat (around neck)
Talismans
 c - a beast talisman (active)
 d - a flux talisman
 m - a granite talisman
Wands
 f - a wand of polymorph (7)
 u - a wand of charming (11)
 A - a wand of iceblast (11)
Scrolls
 a - 3 scrolls of teleportation
 e - a scroll of fog {unknown}
 g - a scroll of immolation {unknown}
 i - a scroll of enchant armour {unknown}
 n - a scroll of fear {unknown}
 o - a scroll of amnesia {unknown}
 p - a scroll of enchant weapon
 t - a scroll of poison {unknown}
 x - a scroll of identify
 y - a scroll of acquirement {unknown}
 z - a scroll of blinking
Potions
 j - a potion of magic {unknown}
 k - 3 potions of brilliance
 q - a potion of enlightenment {unknown}
 r - 2 potions of curing
 s - a potion of resistance {unknown}


   Skills:
 + Level 6.8 Fighting
 - Level 2.0 Armour
 - Level 2.6 Dodging
 - Level 4.0 Unarmed Combat
 + Level 9.1 Shapeshifting


You had 7 spell levels left.
You didn't know any spells.
Your spell library contained the following spells:

 Spells                   Type           Power      Damage    Failure   Level
 Slow                     Hex            0%         N/A       38%         1
 Sting                    Conj/Alch      0%         1d3       38%         1
 Summon Small Mammal      Summ           0%         N/A       38%         1
 Mercury Vapours          Alch/Air       0%         N/A       52%         2
 Call Canine Familiar     Summ           0%         N/A       77%         3
 Confusing Touch          Hex            0%         N/A       77%         3
 Teleport Other           Tloc           0%         N/A       77%         3
 Vampiric Draining        Necr           0%         2d6       77%         3
 Olgreb's Toxic Radiance  Alch           0%         N/A       99%         4
 Summon Blazeheart Golem  Fire/Summ      0%         N/A       99%         4
 Dispersal                Tloc           0%         N/A       100%        6
 Gell's Gavotte           Tloc           0%         2d(11-16) 100%        6


Dungeon Overview and Level Annotations

Branches:
Dungeon (7/15)
 Temple: D:4-7

Altars:
Dithmenos
Vehumet
Xom
Zin

Annotations:
D:1 1 runed translucent door


Innate Abilities, Weirdness & Mutations

You are a tree.
Your roots penetrate the ground, keeping you stationary.
You cannot be teleported.
You are immune to unholy pain and torment.
Your maximum health is greatly increased.
Your equipment is partially melded.
((You are very nimble when in or above water. (Stealth+, EV+, Speed+++)))
((Your lower body shifts to a powerful aquatic tail in water.))


Message History

You see here a hound corpse.
You start resting.
A troll comes into view.
The troll shouts!
You see here 15 gold pieces.
You now have 279 gold pieces (gained 15).
You closely miss the troll. The troll barely misses you.
The troll claws you but does no damage. The troll claws you.
You punch the troll!
The troll is moderately wounded.
The troll barely misses you. The troll claws you! x2
You hit the troll but do no damage.
The troll is moderately wounded.
The troll bites you but does no damage. The troll completely misses you.
The troll claws you.
You punch the troll!
The troll is moderately wounded.
The troll closely misses you. The troll claws you. The troll claws you!
You punch the troll!
The troll is heavily wounded.
The troll bites you!
* * * LOW HITPOINT WARNING * * *
The troll claws you.
* * * LOW HITPOINT WARNING * * *
The troll claws you!
* * * LOW HITPOINT WARNING * * *
Your transformation has ended.
Your +0 helmet unmelds from your body.
You turn into a tree.
Your +0 helmet melds into your body.
Your +0 chain mail melds into your body.
Your roots penetrate the ground.
The troll bites you!
* * * LOW HITPOINT WARNING * * *
The troll claws you but does no damage. x2
You pummel the troll!!
The troll is almost dead.
The troll bites you but does no damage.
The troll claws you but does no damage. x2
You hit the troll.
The troll is almost dead.
The troll bites you!
You die...

##..... .......
.......#### .....$....#
....... ..........#
#....... ..........#
#....... ..........#
+...... #........# #....#
...##...♣T###....+
#............#
#..†.........#
................## ##
..........####'#########.
............##........##.
.......##......####....#.
....... #...##.# #....#.
....... #...##.####......


You could see a troll.

Vanquished Creatures
  2 humans (D:7)
  An ice beast (D:5)
  A sky beast (D:7)
  2 scorpions
  A bullfrog (D:6)
  A wight (D:7)
  3 hounds
  3 orc priests
  A jelly (D:4)
  A gnoll bouda (D:4)
  An iguana (D:6)
  3 orc wizards
  5 adders
  3 gnolls (D:3)
  3 dart slugs
  3 ribbon worms (D:2)
  14 orcs
  9 ball pythons
  13 bats
  5 endoplasms
  3 giant cockroaches
  8 goblins
  10 hobgoblins
  4 jackals
  A quokka (D:1)
  4 frilled lizards
  7 kobolds
  5 rats
117 creatures vanquished.

Vanquished Creatures (others)
  A jelly (D:5)
  A dart slug (D:3)
2 creatures vanquished.

Grand Total: 119 creatures vanquished

Notes
Turn   | Place    | Note
-------+----------+-------------------------------------------
     0 | D:1      | Fractals the Merfolk Shapeshifter began the quest for the
                  | Orb.
     0 | D:1      | Reached XP level 1. HP: 15/15 MP: 1/1
     1 | D:1      | Found a runed translucent door.
     2 | D:1      | Noticed a jelly
   137 | D:1      | Reached XP level 2. HP: 19/21 MP: 2/2
   451 | D:1      | Reached XP level 3. HP: 27/27 MP: 3/3
  1607 | D:2      | Reached XP level 4. HP: 34/34 MP: 4/4
  2060 | D:3      | Found a shadowy altar of Dithmenos.
  2069 | D:3      | Found a faded altar of an unknown god.
  2189 | D:3      | Reached skill level 5 in Shapeshifting
  2236 | D:3      | Reached XP level 5. HP: 36/41 MP: 5/5
  2269 | D:3      | Found a shimmering altar of Xom.
  2272 | D:3      | Noticed an angel
  2598 | D:3      | Found a glowing silver altar of Zin.
  2691 | D:3      | Reached skill level 1 in Armour
  3283 | D:4      | Reached XP level 6. HP: 30/47 MP: 6/6
  3460 | D:4      | Reached skill level 6 in Shapeshifting
  4120 | D:5      | Entered Level 5 of the Dungeon
  4130 | D:5      | Reached skill level 7 in Shapeshifting
  4130 | D:5      | Reached XP level 7. HP: 55/55 MP: 7/7
  4408 | D:5      | Found a radiant altar of Vehumet.
  4486 | D:5      | You fall into a shaft and drop 2 floors!
  4508 | D:7      | Reached skill level 5 in Fighting
  4621 | D:7      | Noticed a human
  4622 | D:7      | Noticed a human
  4644 | D:7      | Killed a human
  4645 | D:7      | Reached skill level 8 in Shapeshifting
  4653 | D:7      | Killed a human
  4654 | D:7      | Reached XP level 8. HP: 36/64 MP: 8/8
  4752 | D:7      | Noticed a yak
  5218 | D:6      | Reached skill level 9 in Shapeshifting
  5331 | D:6      | Noticed a troll
  5342 | D:6      | HP: 2/97 [troll (11)]
  5344 | D:6      | Mangled by a troll

Illustrated notes

Levels and vault maps discovered:
D:1:      dpeg_arrival_caged_fury, layout_basic
D:2:      layout_basic, minmay_strange_pillars
D:3:      layout_basic, mainiacjoe_overflow_alcove_1,
          grunt_temple_overflow_order_and_chaos_1,
          nicolae_ecumenical_snake_handling
D:4:      layout_rooms, roderic_batcave, hangedman_glass_teeth,
          hangedman_decor_slide_cut, st_stairs_10
D:5:      layout_basic, led_sif_pool, fiery_altar_vehumet,
          minmay_temple_entry_junction, gammafunk_ghost_smash,
          minmay_fire_ice_demons
D:6:      layout_basic, uniq_edmund, uniq_eustachio
D:7:      erik_cavepeople, layout_basic, mainiacjoe_overflow_catwalk,
          grunt_ministairs_14, kennysheep_generic_room_11, uniq_menkaure,
          uniq_crazy_yiuf_cottage, uniq_jeremiah, uniq_prince_ribbit1

Skill      XL: |  1  2  3  4  5  6  7  8 |
---------------+-------------------------+-----
Fighting       | 2 3 4 6 |  6.8
Unarmed Combat | 4 |  4.0
Shapeshifting  | 5 7 8 9 |  9.1
Armour         | 1 2 |  2.0
Dodging        | |  2.6

Action                     |  1- 3 |  4- 6 |  7- 9 || total
---------------------------+-------+-------+-------++-------
  Melee: Unarmed           |    97 |   217 |   107 ||   421
         Punch             |     5 |     6 |     2 ||    13
    Use: Scroll            |       |     1 |     7 ||     8
         Potion            |       |       |     1 ||     1
 Armour: Animal skin       |    35 |       |       ||    35
         Ring mail         |    14 |    50 |       ||    64
         Chain mail        |       |   118 |    85 ||   203
         Skin              |       |       |     7 ||     7
  Dodge: Dodged            |    66 |   119 |    26 ||   211
         Form:             |       |     1 |     1 ||     2
         Beast             |       |     1 |     1 ||     2
         Statue            |       |     1 |       ||     1
         Flux              |       |       |     2 ||     2

Table legend: (Time is in decaauts)
 A = Elapsed time spent in this place.
 B = Non-inter-level travel time spent in this place.
 C = Inter-level travel time spent in this place.
 D = Time resting spent in this place.
 E = Time spent auto-exploring this place.
 F = Levels seen in this place.
 G = Mean time per level.
                   A        B        C        D        E       F      G
               +--------+--------+--------+--------+--------+-----+--------+
         Total |   5322 |   5162 |    160 |   1377 |   2179 |   7 |  760.3 |
       Dungeon |   5322 |   5162 |    160 |   1377 |   2179 |   7 |  760.3 |
               +--------+--------+--------+--------+--------+-----+--------+

Top non-repeatable levels by time:
     D:2: 1238 daAuts
     D:3: 1095 daAuts
     D:1: 1004 daAuts
     D:4: 771 daAuts
     D:7: 593 daAuts
     D:5: 363 daAuts
     D:6: 257 daAuts
